 Dungeon Crawl Stone Soup version 0.29-a0-1052-g6990b1bffc (webtiles) character file.

Game seed: 15334062355241733113

25 Hades the Sneak (level 2, -2/15 HPs)
             Began as a Vampire Brigand on Aug 18, 2022.
             Was a Follower of Hepliaklqana.
             Slain by a gnoll
             ... wielding a +3 spear
              (9 damage)
             ... on level 2 of the Dungeon.
             The game lasted 00:03:07 (1027 turns).

Hades the Sneak (Vampire Brigand)                   Turns: 1027, Time: 00:03:07

Health: -2/15      AC:  3    Str: 10    XL:     2   Next: 82%
Magic:  2/2        EV: 12    Int: 13    God:    Hepliaklqana [*.....]
Gold:   11         SH:  0    Dex: 15    Spells: 1/1 levels left

rFire   . . .      SeeInvis +   a - +2 dagger
rCold   + + .      Faith    .   (no shield)
rNeg    + + +      Spirit   .   b - +0 robe
rPois   ∞          Reflect  .   (no helmet)
rElec   .          Harm     .   c - +0 cloak
rCorr   .          Rampage  .   (no gloves)
Will    .....                   (no boots)
Stlth   +++++.....              (no amulet)
HPRegen 0.00/turn               (no ring)
MPRegen 0.08/turn               (no ring)

@: bloodless, inhibited regen
A: reduced essence, bloodless, fangs 3, see invisible, vampiric 1
a: Revivify, Renounce Religion, Recall Ancestor, Ancestor Identity


You were on level 2 of the Dungeon.
You worshipped Hepliaklqana.
Hepliaklqana was aware of your devotion.
You visited 1 branch of the dungeon, and saw 2 of its levels.

You collected 11 gold pieces.

Inventory:

Hand Weapons
 a - a +2 dagger (weapon)
Missiles
 d - 9 poisoned darts (quivered)
 e - 3 curare-tipped darts
Armour
 b - a +0 robe (worn)
 c - a +0 cloak (worn)
Potions
 f - a potion of heal wounds {unknown}
 g - a potion of curing {unknown}
 h - a potion of attraction {unknown}


   Skills:
 + Level 2.1 Fighting
 + Level 2.4 Short Blades
 + Level 1.5 Throwing
 + Level 1.2 Dodging
 + Level 6.8 Stealth


You had one spell level left.
You didn't know any spells.
Your spell library was empty.

Dungeon Overview and Level Annotations

Branches:
Dungeon (2/15)

Altars:
Hepliaklqana


Innate Abilities, Weirdness & Mutations

Your life essence is reduced to manifest your ancestor. (-10% HP)
You do not regenerate when monsters are visible.
You are frail without blood (-20% HP).
You can heal yourself when you bite living creatures.
You are immune to poison.
You have razor-sharp teeth.
You have supernaturally acute eyesight. (SInv)
You are afflicted with vampirism.


Message History

h - a ruby potion You swap places.
You swap places.
A gnoll comes into view.
It is wielding a +0 club. 2 gnolls come into view.
A gnoll comes into view. It is wielding a +3 spear.
The gnoll hits you but does no damage.
The gnoll moves out of view.
You hit the gnoll but do no damage. The gnoll closely misses you. x2
You barely miss the gnoll. The gnoll hits you but does no damage.
The gnoll misses you.
You hit the gnoll.
The gnoll is lightly wounded.
Dracula hits the gnoll.
The gnoll barely misses you. The gnoll closely misses you.
You hit the gnoll but do no damage.
The gnoll is moderately wounded.
Dracula hits the gnoll but does no damage.
The gnoll hits you from afar with a +0 spear.
You hit the gnoll.
The gnoll is heavily wounded.
The gnoll hits you with a +0 club.
Dracula hits the gnoll but does no damage.
The gnoll barely misses you.
You hit the gnoll but do no damage.
The gnoll is heavily wounded.
The gnoll hits Dracula with a +0 club.
Dracula hits the gnoll but does no damage.
The gnoll barely misses you.
You hit the gnoll.
The gnoll is severely wounded.
The gnoll hits you with a +0 club.
Dracula hits the gnoll but does no damage.
You barely miss the gnoll.
The gnoll is severely wounded.
The gnoll barely misses you.
Dracula hits the gnoll.
You barely miss the gnoll.
The gnoll is almost dead.
The gnoll hits you from afar with a +3 spear!
Ouch! That really hurt!
You die...

..####....)......
.......<#..#....##
.......##........# ###
........#†.#.##..#.#..
......#............ .#
......#gg###...#.##
.### ##....#g##
#......# .#8^ ###...g#
#..##.###.### #.(R@#
#........##.. #...>#.#
#.######.##^# #....#.#
#....# #..#8^
......#.#######.#
##.### .####
#.........# #....
########### #####


You could see the friendly Dracula the ancestor and 4 gnolls.

Vanquished Creatures
  2 dart slugs
  3 endoplasms
  A giant cockroach (D:1)
  3 goblins
  A hobgoblin (D:1)
  A quokka (D:1)
  2 ball pythons (D:1)
  2 bats (D:1)
  A frilled lizard (D:1)
  2 kobolds (D:1)
  2 rats (D:1)
20 creatures vanquished.

Vanquished Creatures (others)
  12 plants (D:2)
12 creatures vanquished.

Grand Total: 32 creatures vanquished

Notes
Turn   | Place    | Note
-------+----------+-------------------------------------------
     0 | D:1      | Hades the Vampire Brigand began the quest for the Orb.
     0 | D:1      | Reached XP level 1. HP: 16/16 MP: 1/1
   144 | D:1      | Reached skill level 6 in Stealth
   304 | D:1      | Reached XP level 2. HP: 6/17 MP: 2/2
   935 | D:2      | Found a faded altar of an unknown god.
   944 | D:2      | Prayed at the altar of an unknown god.
   944 | D:2      | Became a worshipper of Hepliaklqana the Forgotten
   944 | D:2      | Reached * piety under Hepliaklqana
  1027 | D:2      | Slain by a gnoll

Illustrated notes

Levels and vault maps discovered:
D:1:      dpeg_arrival_tiny_g, layout_loops_ring, minmay_misc_feat_alley,
          corexii_hall_statues_i, grunt_decor_arrowhead, minmay_tiny_reverse_x
D:2:      layout_basic, shapermc_ecumenical_altar_mp_highgroup,
          chequers_serial_rivers_small_b, serial_bayou_pond_c, minmay_surrounded

Skill      XL: |  1 |
---------------+----+-----
Stealth        | 6 |  6.8
Fighting       | 2 |  2.1
Short Blades   | |  2.4
Throwing       | |  1.5
Dodging        | |  1.2

Action                   || total
-------------------------++-------
Melee: Dagger            ||    44
       Bite              ||     3
Invok: Ancestor Identity ||     1
 Abil: Exsanguinate      ||     1
 Stab: Sleeping          ||     8
Armor: Robe              ||     9
Dodge: Dodged            ||    35

Table legend: (Time is in decaauts)
 A = Elapsed time spent in this place.
 B = Non-inter-level travel time spent in this place.
 C = Inter-level travel time spent in this place.
 D = Time resting spent in this place.
 E = Time spent auto-exploring this place.
 F = Levels seen in this place.
 G = Mean time per level.
                   A        B        C        D        E       F      G
               +--------+--------+--------+--------+--------+-----+--------+
         Total |   1021 |   1004 |     17 |    212 |      0 |   2 |  510.5 |
       Dungeon |   1021 |   1004 |     17 |    212 |      0 |   2 |  510.5 |
               +--------+--------+--------+--------+--------+-----+--------+

Top non-repeatable levels by time:
     D:1: 878 daAuts
     D:2: 143 daAuts
